 Dungeon Crawl Stone Soup version 0.25-a0-2-g6559c6c67a (webtiles) character file.

Game seed: 9090742003049391024, levelgen mode: deterministic

858 Dycilia the Bolt Thrower (level 8, -4/49 HPs)
             Began as a Kobold Hunter on Oct 14, 2019.
             Slain by an ogre
             ... wielding a +0 giant club
              (7 damage)
             ... on level 4 of the Dungeon.
             The game lasted 00:12:52 (4602 turns).

Dycilia the Bolt Thrower (Kobold Hunter)            Turns: 4602, Time: 00:12:53

Health: -4/49      AC:  7    Str: 10    XL:     8   Next: 22%
Magic:  8/8        EV: 11    Int: 13    God:
Gold:   228        SH:  9    Dex: 16    Spells: 7/7 levels left

rFire    . . .     SeeInvis .   a - +1 hand crossbow
rCold    . . .     Gourm    .   i - +0 shield
rNeg     . . .     Faith    .   m - +0 ring mail
rPois    .         Spirit   .   G - +0 helmet
rElec    .         Reflect  .   (no cloak)
rCorr    .         Harm     .   (no gloves)
MR       .....                  j - +0 pair of boots
Stlth    +++.......             (no amulet)
HPRegen  0.16/turn              (no ring)
MPRegen  0.11/turn              (no ring)

@: no status effects
A: small, carnivore
a: no special abilities


You were on level 4 of the Dungeon.
You were very full.

You visited 1 branch of the dungeon, and saw 5 of its levels.

You collected 228 gold pieces.

Inventory:

Hand Weapons
 a - a +1 hand crossbow (weapon)
 b - a +0 short sword
Missiles
 d - 79 bolts (quivered)
Armour
 c - +0 fire dragon scales
 i - a +0 shield (worn)
 j - a +0 pair of boots (worn)
 m - a +0 ring mail (worn)
 G - a +0 helmet (worn)
Jewellery
 o - an uncursed amulet of magic regeneration
 r - an uncursed ring of protection from cold {unknown}
 z - a cursed amulet of inaccuracy {unknown}
 B - an uncursed amulet of harm
 D - a cursed ring of teleportation {unknown}
 F - an uncursed ring of fire {unknown}
Wands
 p - a wand of flame (26)
Scrolls
 e - 3 scrolls of identify
 g - 2 scrolls of remove curse {unknown}
 k - a scroll of random uselessness {unknown}
 l - 3 scrolls of enchant weapon {unknown}
 n - a scroll of fear {unknown}
 q - a scroll of immolation {unknown}
 y - a scroll of amnesia {unknown}
 C - a scroll of fog {unknown}
Potions
 h - 2 potions of heal wounds {unknown}
 s - a potion of degeneration {unknown}
 t - a potion of lignification {unknown}
 u - a potion of magic {unknown}
 v - a potion of invisibility {unknown}
 w - 3 potions of mutation {unknown}
 x - 2 potions of curing {unknown}
 A - a potion of ambrosia {unknown}
 E - a potion of flight {unknown}
Comestibles
 f - 7 rations


   Skills:
 + Level 5.1 Fighting
 + Level 7.2 Crossbows
 - Level 2.9 Dodging
 + Level 6.2 Stealth
 + Level 3.1 Shields


You had 7 spell levels left.
You didn't know any spells.
Your spell library was empty.

Dungeon Overview and Level Annotations

Branches:
Dungeon (5/15)
 Temple: D:4-7

Altars:
Cheibriados
Dithmenos
Gozag
Hepliaklqana
Trog
Zin

Shops:
D:4 [

Annotations:
D:4 Duvessa


Innate Abilities, Weirdness & Mutations

You are small and have problems with some larger weapons.
You are carnivorous and can eat meat at any time.


Message History

You shoot a bolt. The bolt hits the ogre!
The ogre is moderately wounded.
You block the ogre's attack.
Firing (i - inventory)
d - 82 bolts (quivered)
Press: ? - help, Shift-Dir - straight line, f/p - ogre
Aim: an ogre, wielding a +0 giant club (moderately wounded)
You shoot a bolt. The bolt barely misses the ogre.
You block the ogre's attack.
Firing (i - inventory)
d - 81 bolts (quivered)
Press: ? - help, Shift-Dir - straight line, f/p - ogre
Aim: an ogre, wielding a +0 giant club (moderately wounded)
You shoot a bolt. The bolt completely misses the ogre.
The ogre hits you with a +0 giant club!!
* * * LOW HITPOINT WARNING * * *
Firing (i - inventory)
d - 80 bolts (quivered)
Press: ? - help, Shift-Dir - straight line, f/p - ogre
Aim: an ogre, wielding a +0 giant club (moderately wounded)
You shoot a bolt. The bolt hits the ogre.
The ogre is heavily wounded.
The ogre hits you with a +0 giant club!
You die...

#....'.........................
#....#####.###..#.#..[..#######
#....# #.# #.##......(# #....#
#.# #.####.....# #....# #.###.#
#.....#### #....#
#...#.####.....##<# ###....###
###.#..........##.# .........#
###.########[####.#### ###....#.#
#....@O[..[.(## #.##..
#........###.....#####...###.##.#
...>.................(...........
#.....######.....#####.#.#####.##
#...............## #.#.#.....##
#.#.###########.# #.#.#.######
#.#.............# #.#.#.#.....
#.####################.#.#.#.####
#.# #......#.......<#.#...#.#.≈.


You could see an ogre.

Vanquished Creatures
  2 ogres (D:4)
  Dowan (D:4)
  A howler monkey (D:4)
  2 hounds (D:4)
  An orc priest (D:4)
  2 orc wizards (D:4)
  2 bullfrog skeletons
  Terence (D:3)
  Natasha (thrice) (D:3)
  5 worker ants
  9 adders
  A shadow imp (D:4)
  3 oozes
  An adder skeleton (D:5)
  An adder zombie (D:5)
  3 worms (D:2)
  3 leopard geckos
  9 orcs
  4 bats
  8 giant cockroaches
  2 goblins
  9 hobgoblins
  2 jackals (D:1)
  A quokka (D:3)
  A frilled lizard (D:2)
  5 kobolds
  12 rats
94 creatures vanquished.

Notes
Turn   | Place    | Note
-------+----------+-------------------------------------------
     0 | D:1      | Dycilia the Kobold Hunter began the quest for the Orb.
     0 | D:1      | Reached XP level 1. HP: 12/12 MP: 1/1
    49 | D:1      | Reached XP level 2. HP: 18/18 MP: 2/2
    97 | D:1      | Reached skill level 5 in Crossbows
   113 | D:1      | Reached XP level 3. HP: 22/22 MP: 3/3
   621 | D:2      | Reached XP level 4. HP: 27/27 MP: 4/4
  1082 | D:2      | Reached skill level 1 in Shields
  1475 | D:3      | Noticed Natasha
  1482 | D:3      | Killed Natasha
  1482 | D:3      | Reached XP level 5. HP: 27/32 MP: 5/5
  1535 | D:3      | Found a hazy altar of Hepliaklqana.
  1542 | D:3      | Noticed Natasha
  1547 | D:3      | Killed Natasha
  2005 | D:3      | Noticed Terence
  2018 | D:3      | Killed Terence
  2018 | D:3      | Reached XP level 6. HP: 37/37 MP: 6/6
  2304 | D:3      | Noticed Natasha
  2311 | D:3      | Killed Natasha
  2685 | D:4      | Found a glowing silver altar of Zin.
  2687 | D:4      | Found a snail-covered altar of Cheibriados.
  2688 | D:4      | Found a bloodstained altar of Trog.
  2688 | D:4      | Found a shadowy altar of Dithmenos.
  2688 | D:4      | Found an opulent altar of Gozag.
  2690 | D:4      | Reached skill level 6 in Crossbows
  2738 | D:4      | Noticed an ogre
  2742 | D:4      | Killed an ogre
  2783 | D:4      | Reached XP level 7. HP: 37/43 MP: 7/7
  2824 | D:4      | Reached skill level 5 in Stealth
  3497 | D:4      | Noticed Duvessa
  3497 | D:4      | Noticed Dowan
  4291 | D:4      | Found Fetaif's Armour Shoppe.
  4293 | D:4      | Reached XP level 8. HP: 48/48 MP: 8/8
  4301 | D:4      | Killed Dowan
  4301 | D:4      | Reached skill level 5 in Fighting
  4301 | D:4      | Reached skill level 7 in Crossbows
  4364 | D:5      | Entered Level 5 of the Dungeon
  4602 | D:4      | Slain by an ogre

Levels and vault maps discovered:
D:1:      psy_arrival_conway, layout_rooms
D:2:      minmay_recursive_quarters, layout_loops_ring, minmay_statues_item
D:3:      layout_basic, nicolae_overflow_hidden_temple, serial_rivers,
          chequers_serial_rivers_large_a, chequers_serial_rivers_small_b,
          chequers_serial_rivers_small_b, chequers_serial_rivers_micro_d,
          kennysheep_generic_room_12, uniq_terence, uniq_natasha
D:4:      layout_basic, grunt_temple_overflow_open, first_ration, serial_shops,
          nicolae_shop_waterfront, chequers_serial_rivers_small_a,
          minmay_vboxes, uniq_duvessa
D:5:      layout_basic

Skill      XL: |  1  2  3  4  5  6  7  8 |
---------------+-------------------------+-----
Crossbows      | 5 6 7 |  7.2
Stealth        | 2 3 4 5 6 |  6.2
Fighting       | 3 4 5 |  5.1
Shields        | 1 2 3 |  3.1
Dodging        | |  2.9

Action                   |  1- 3 |  4- 6 |  7- 9 || total
-------------------------+-------+-------+-------++-------
 Fire: Hand crossbow     |    75 |   114 |   120 ||   309
  Use: Scroll            |       |     2 |       ||     2
  Eat: Chunk             |     7 |     6 |     6 ||    19
Armor: Leather armour    |     7 |     2 |       ||     9
       Ring mail         |       |    10 |    22 ||    32
Dodge: Dodged            |    16 |    25 |    32 ||    73
Block: Shield            |     1 |     6 |    31 ||    38

Table legend:
 A = Non-vault XP
 B = Vault XP
 C = Vault XP percentage of total XP
 D = Non-vault monster count
 E = Vault monster count
 F = Vault count percentage of total count
                 A         B        C        D         E       F
            +---------+---------+-------+---------+---------+-------
      Total |     910 |     316 |  25.8 |      82 |      12 |  12.8
            +---------+---------+-------+---------+---------+-------
        D:1 |      44 |       0 |   0.0 |      20 |       0 |   0.0
        D:2 |      70 |      18 |  20.5 |      24 |       3 |  11.1
        D:3 |     146 |      71 |  32.7 |      13 |       3 |  18.8
        D:4 |     499 |     227 |  31.3 |      15 |       6 |  28.6
        D:5 |     151 |       0 |   0.0 |      10 |       0 |   0.0
            +---------+---------+-------+---------+---------+-------
